3AAA
ATHLETIC CLUB KC RESERVES @ PENNSAUKEN FLYERS
08/10/2042
 
TOP OF THE 1ST
Athletic Club KC Reserves batting - Pitching for Pennsauken Flyers : RHP Byron Joe
Pitching: RHP Byron Joe
Batting: RHB Marcos Quintana 0-0: Ball
1-0: Foul Ball, location: 2F
1-1: Ball
2-1: Foul Ball, location: 2F
2-2: Ball
3-2: Ground out U3 (Groundball, 3, EV 87.5 MPH)
Batting: SHB Gary Hopkins 0-0: Ball
1-0: Ball
2-0: Ball
3-0: Base on Balls
Batting: RHB Dick Barnett 0-0: Ball
1-0: Called Strike
1-1: Swinging Strike
1-2: Foul Ball, location: 2F
1-2: Strikes out swinging
Batting: LHB Oriol Fernández 0-0: Ball
1-0: Foul Ball, location: 2F
1-1: 2-RUN HOME RUN (Line Drive, 9D, EV 101.9 MPH), Distance : 363 ft
Batting: SHB Michael Evershed 0-0: Called Strike
0-1: Foul Ball, location: 2F
0-2: SINGLE (Groundball, 34D, EV 98.1 MPH)
Batting: LHB Miguel Fernández 0-0: Called Strike
0-1: Fly out, F8 (Flyball, 8RM, EV 78.1 MPH)
Top of the 1st over - 2 runs, 2 hits, 0 errors, 1 left on base; Athletic Club KC 2 - Pennsauken 0
BOTTOM OF THE 1ST
Pennsauken Flyers batting - Pitching for Athletic Club KC Reserves : RHP Kyuso Ageda
Pitching: RHP Kyuso Ageda
Batting: LHB Robby Caldwell 0-0: SINGLE (Groundball, 34D, EV 105.0 MPH)
Batting: LHB Ethan Duffy 0-0: Ball
1-0: Foul Ball, location: 2F
1-1: Foul Ball, location: 2F
1-2: Strikes out swinging
Batting: RHB Ruby Rhod 0-0: Called Strike
0-1: Ball
1-1: Fielders Choice at 2nd, 6-4 (Groundball, 6, EV 79.4 MPH)
Batting: LHB Ken Norris 0-0: Ball
1-0: Ball
2-0: Foul Ball, location: 2F
2-1: Called Strike
2-2: Ball
3-2: Base on Balls
Ruby Rhod to second
Batting: RHB Bras Castanheta 0-0: Foul Ball, location: 2F
0-1: Ball
1-1: Swinging Strike
1-2: Strikes out swinging
Bottom of the 1st over - 0 runs, 1 hit, 0 errors, 2 left on base; Athletic Club KC 2 - Pennsauken 0
TOP OF THE 2ND
Athletic Club KC Reserves batting - Pitching for Pennsauken Flyers : RHP Byron Joe
Batting: LHB Ted Reed 0-0: Ball
1-0: Ball
2-0: Fly out, F7 (Flyball, 7, EV 86.9 MPH)
Batting: LHB Thomas Nealy 0-0: Foul Ball, location: 2F
0-1: Ball
1-1: SINGLE (Groundball, 34D, EV 105.6 MPH)
Batting: RHB Gabriel Martínez 0-0: Swinging Strike
0-1: Ball
1-1: Ball
2-1: Swinging Strike
2-2: Strikes out swinging
Batting: RHB Marcos Quintana 0-0: SINGLE (Line Drive, 8RS, EV 87.5 MPH)
Thomas Nealy to second
Batting: SHB Gary Hopkins 0-0: Ball
1-0: Ball
2-0: Foul Ball, location: 2F
2-1: Called Strike
2-2: DOUBLE (Line Drive, 89M, EV 102.5 MPH)
Thomas Nealy scores
Marcos Quintana to third
Runner from 3rd tries for Home, SAFE, throw by RF to trailing runner, SAFE at third!
Batting: RHB Dick Barnett 0-0: Ball
1-0: Ball
2-0: Ground out 6-3 (Groundball, 6, EV 103.8 MPH)
Top of the 2nd over - 2 runs, 3 hits, 0 errors, 1 left on base; Athletic Club KC 4 - Pennsauken 0
BOTTOM OF THE 2ND
Pennsauken Flyers batting - Pitching for Athletic Club KC Reserves : RHP Kyuso Ageda
Batting: LHB Xiao-gang Qing 0-0: Ball
1-0: Ground out 6-3 (Groundball, 6, EV 83.8 MPH)
Batting: SHB Obke Preesman 0-0: Ball
1-0: SOLO HOME RUN (Line Drive, 89XD, EV 105.0 MPH), Distance : 403 ft
Batting: RHB Dana O'Quinlevan 0-0: Called Strike
0-1: Ball
1-1: Called Strike
1-2: Ball
2-2: Ball
3-2: Base on Balls
Batting: SHB Mikk Tamm 0-0: DOUBLE (Line Drive, 8RD, EV 106.9 MPH)
Dana O'Quinlevan to third
Batting: LHB Robby Caldwell 0-0: Called Strike
0-1: SINGLE (Line Drive, 9S, EV 103.8 MPH)
Dana O'Quinlevan scores
Mikk Tamm to third
Batting: LHB Ethan Duffy 0-0: Ball
1-0: Ball
2-0: Called Strike
2-1: Fielders Choice at 2nd, 3-6 (Groundball, 3, EV 85.6 MPH)
Mikk Tamm scores
Batting: RHB Ruby Rhod 0-0: Ball
1-0: Swinging Strike
1-1: Foul Ball, location: 2F
1-2: Strikes out swinging
Bottom of the 2nd over - 3 runs, 3 hits, 0 errors, 1 left on base; Athletic Club KC 4 - Pennsauken 3
TOP OF THE 3RD
Athletic Club KC Reserves batting - Pitching for Pennsauken Flyers : RHP Byron Joe
Batting: LHB Oriol Fernández 0-0: Called Strike
0-1: Ball
1-1: SOLO HOME RUN (Flyball, 7D, EV 96.9 MPH), Distance : 358 ft
Batting: SHB Michael Evershed 0-0: Called Strike
0-1: Ball
1-1: Ball
2-1: Swinging Strike
2-2: Strikes out swinging, 2-3 out at first.
Batting: LHB Miguel Fernández 0-0: Ball
1-0: Ball
2-0: Ball
3-0: Called Strike
3-1: Base on Balls
Batting: LHB Ted Reed 0-0: Fly out, F6 (Line Drive, 6, EV 66.2 MPH)
Batting: LHB Thomas Nealy 0-0: Ground out 1-3 (Groundball, 34S, EV 91.9 MPH)
Top of the 3rd over - 1 run, 1 hit, 0 errors, 1 left on base; Athletic Club KC 5 - Pennsauken 3
BOTTOM OF THE 3RD
Pennsauken Flyers batting - Pitching for Athletic Club KC Reserves : RHP Kyuso Ageda
Batting: LHB Ken Norris 0-0: Ball
1-0: Ground out 4-3 (Groundball, 4, EV 107.5 MPH)
Batting: RHB Bras Castanheta 0-0: Ball
1-0: Foul Ball, location: 2F
1-1: Ball
2-1: SINGLE (Groundball, 6MD, EV 95.6 MPH)
Batting: LHB Xiao-gang Qing 0-0: Foul Ball, location: 2F
0-1: Ball
1-1: Foul Ball, location: 2F
1-2: Ball
2-2: Ball
3-2: Foul Ball, location: 2F
3-2: Base on Balls
Bras Castanheta to second
Batting: SHB Obke Preesman 0-0: Foul Ball, location: 2F
0-1: Foul Ball, location: 2F
0-2: Grounds into double play, 5-4-3 (Groundball, 56S, EV 83.8 MPH)
Bottom of the 3rd over - 0 runs, 1 hit, 0 errors, 1 left on base; Athletic Club KC 5 - Pennsauken 3
TOP OF THE 4TH
Athletic Club KC Reserves batting - Pitching for Pennsauken Flyers : RHP Byron Joe
Batting: RHB Gabriel Martínez 0-0: Called Strike
0-1: DOUBLE (Line Drive, 7LS, EV 101.2 MPH)
Batting: RHB Marcos Quintana 0-0: Foul Ball, location: 2F
0-1: SINGLE (Groundball, 6D, EV 102.5 MPH)
Gabriel Martínez to third
Runner from 3rd tries for Home, SAFE, no throw by CF
Pitching: RHP Pacho Hernández
Batting: SHB Gary Hopkins 0-0: Called Strike
0-1: Swinging Strike
0-2: Ball
1-2: Ball
2-2: Ball
3-2: SINGLE (Groundball, 6, EV 101.2 MPH) (infield hit)
Marcos Quintana to second
Batting: RHB Dick Barnett 0-0: Ground out 6-3 (Groundball, 6D, EV 90.6 MPH)
Marcos Quintana to third
Gary Hopkins to second
Batting: LHB Oriol Fernández 0-0: Ball
1-0: Foul Ball, location: 2F
1-1: Foul Ball, location: 2F
1-2: Ball
2-2: Foul Ball, location: 2F
2-2: Foul Ball, location: 2F
2-2: Ball
3-2: Foul Ball, location: 2F
3-2: Foul Ball, location: 2F
3-2: Base on Balls
Batting: SHB Michael Evershed 0-0: Foul Ball, location: 2F
0-1: Ball
1-1: DOUBLE (Flyball, 8RXD, EV 95.6 MPH)
Marcos Quintana scores
Gary Hopkins scores
Oriol Fernández to third
Batting: LHB Miguel Fernández 0-0: Ball
1-0: Ball
Balk!
Oriol Fernández scores
Michael Evershed to third
2-0: Swinging Strike
2-1: Foul Ball, location: 2F
2-2: DOUBLE (Flyball, 8RXD, EV 106.9 MPH)
Michael Evershed scores
Batting: LHB Ted Reed 0-0: Ball
1-0: Ball
2-0: DOUBLE (Line Drive, 89XD, EV 103.1 MPH)
Miguel Fernández scores
Pitching: RHP Kunimatsu Taue
Batting: LHB Thomas Nealy 0-0: SINGLE (Groundball, 6, EV 82.5 MPH) (infield hit)
Ted Reed to third
Batting: RHB Gabriel Martínez 0-0: Foul Ball, location: 2F
0-1: Ball
Wild Pitch!
Ted Reed scores
Thomas Nealy to second
1-1: Called Strike
1-2: Ball
2-2: Ball
3-2: Strikes out swinging
Batting: RHB Marcos Quintana 0-0: Foul Ball, location: 2F
0-1: Ball
1-1: Ball
2-1: Swinging Strike
2-2: Ground out U3 (Groundball, 34, EV 89.4 MPH)
Top of the 4th over - 7 runs, 7 hits, 0 errors, 1 left on base; Athletic Club KC 12 - Pennsauken 3
BOTTOM OF THE 4TH
Pennsauken Flyers batting - Pitching for Athletic Club KC Reserves : RHP Kyuso Ageda
Batting: RHB Dana O'Quinlevan 0-0: Foul Ball, location: 2F
0-1: Foul Ball, location: 2F
0-2: Ball
1-2: Ball
2-2: Foul Ball, location: 2F
2-2: Ball
3-2: SINGLE (Groundball, 4MD, EV 95.0 MPH)
Batting: SHB Mikk Tamm 0-0: Ground out U3 (Groundball, 3S, EV 70.0 MPH)
Dana O'Quinlevan to second
Batting: LHB Robby Caldwell 0-0: Foul Ball, location: 2F
0-1: Foul Ball, location: 2F
0-2: Foul Ball, location: 2F
0-2: SINGLE (Groundball, 34D, EV 96.2 MPH)
Dana O'Quinlevan to third
Batting: LHB Ethan Duffy 0-0: Called Strike
0-1: Foul Ball, location: 2F
0-2: Ball
1-2: Strikes out swinging
Batting: RHB Ruby Rhod 0-0: Ball
1-0: Called Strike
1-1: Foul Ball, location: 2F
1-2: Fly out, F2 (Popup, 3SF, EV 73.8 MPH)
Bottom of the 4th over - 0 runs, 2 hits, 0 errors, 2 left on base; Athletic Club KC 12 - Pennsauken 3
TOP OF THE 5TH
Athletic Club KC Reserves batting - Pitching for Pennsauken Flyers : RHP Kunimatsu Taue
Batting: SHB Gary Hopkins 0-0: Ball
1-0: Ball
2-0: Ground out 3-1 (Groundball, 34, EV 84.4 MPH)
Batting: RHB Dick Barnett 0-0: Foul Ball, location: 2F
0-1: Called Strike
0-2: Ball
1-2: Ball
2-2: Strikes out looking
Batting: LHB Oriol Fernández 0-0: Foul Ball, location: 2F
0-1: Ball
1-1: Ball
2-1: Ball
3-1: Base on Balls
Batting: SHB Michael Evershed 0-0: Ball
1-0: Swinging Strike
1-1: Foul Ball, location: 2F
1-2: Strikes out swinging
Top of the 5th over - 0 runs, 0 hits, 0 errors, 1 left on base; Athletic Club KC 12 - Pennsauken 3
BOTTOM OF THE 5TH
Pennsauken Flyers batting - Pitching for Athletic Club KC Reserves : RHP Kyuso Ageda
Batting: LHB Ken Norris 0-0: Ground out 4-3 (Groundball, 4, EV 93.8 MPH)
Batting: RHB Bras Castanheta 0-0: Called Strike
0-1: Ball
1-1: Ball
2-1: Ball
3-1: Base on Balls
Batting: LHB Xiao-gang Qing 0-0: Called Strike
0-1: Ball
1-1: Called Strike
1-2: Ball
2-2: Foul Ball, location: 2F
2-2: Foul Ball, location: 2F
2-2: Ball
3-2: Fly out, F8 (Flyball, 8RS, EV 79.4 MPH)
Batting: SHB Obke Preesman 0-0: Called Strike
0-1: Ball
1-1: Ball
2-1: SINGLE (Flyball, 7S, EV 88.8 MPH)
Bras Castanheta to second
Batting: RHB Dana O'Quinlevan 0-0: SINGLE (Groundball, 34D, EV 106.2 MPH)
Bras Castanheta to third
Obke Preesman to second
Runner from 3rd tries for Home, SAFE, no throw by RF
Batting: SHB Mikk Tamm 0-0: Ground out 1-3 (Groundball, 34S, EV 63.8 MPH)
Bottom of the 5th over - 1 run, 2 hits, 0 errors, 2 left on base; Athletic Club KC 12 - Pennsauken 4
TOP OF THE 6TH
Athletic Club KC Reserves batting - Pitching for Pennsauken Flyers : RHP Kunimatsu Taue
Batting: LHB Miguel Fernández 0-0: Called Strike
0-1: Ball
1-1: Called Strike
1-2: SINGLE (Groundball, 56D, EV 105.6 MPH)
Batting: LHB Ted Reed 0-0: Called Strike
0-1: Called Strike
0-2: Ball
1-2: Strikes out swinging
Batting: LHB Thomas Nealy 0-0: Called Strike
0-1: Fly out, F7 (Flyball, 78M, EV 90.6 MPH)
Batting: RHB Gabriel Martínez 0-0: Ball
1-0: Ball
2-0: Called Strike
2-1: Ball
3-1: Base on Balls
Miguel Fernández to second
Batting: RHB Marcos Quintana 0-0: Called Strike
0-1: Foul Ball, location: 2F
0-2: Ball
1-2: Ball
2-2: Strikes out swinging
Top of the 6th over - 0 runs, 1 hit, 0 errors, 2 left on base; Athletic Club KC 12 - Pennsauken 4
BOTTOM OF THE 6TH
Pennsauken Flyers batting - Pitching for Athletic Club KC Reserves : RHP Kyuso Ageda
Pitching: RHP Lucas Thomas
Batting: LHB Robby Caldwell 0-0: Ball
1-0: Foul Ball, location: 2F
1-1: SINGLE (Groundball, 4MD, EV 96.9 MPH)
Batting: LHB Ethan Duffy 0-0: Called Strike
0-1: Ball
1-1: Called Strike
1-2: Ball
2-2: Foul Ball, location: 2F
2-2: Strikes out looking
Batting: RHB Ruby Rhod 0-0: Fielders Choice at 2nd, 5-4 (Groundball, 56S, EV 87.5 MPH)
Batting: LHB Ken Norris 0-0: Foul Ball, location: 2F
0-1: Ball
1-1: Called Strike
1-2: DOUBLE (Line Drive, 9LS, EV 108.1 MPH)
Ruby Rhod to third
Batting: RHB Bras Castanheta 0-0: Ball
1-0: Ball
2-0: Ball
3-0: Base on Balls
Batting: LHB Xiao-gang Qing 0-0: Called Strike
0-1: Foul Ball, location: 2F
0-2: Ball
1-2: Ball
2-2: Foul Ball, location: 2F
2-2: Ball
3-2: DOUBLE (Flyball, 8RXD, EV 92.5 MPH)
Ruby Rhod scores
Ken Norris scores
Bras Castanheta to third
Bras Castanheta scores
Batting: SHB Obke Preesman 0-0: Ball
1-0: Foul Ball, location: 2F
1-1: Fly out, F8 (Flyball, 78M, EV 84.4 MPH)
Bottom of the 6th over - 3 runs, 3 hits, 0 errors, 1 left on base; Athletic Club KC 12 - Pennsauken 7
TOP OF THE 7TH
Athletic Club KC Reserves batting - Pitching for Pennsauken Flyers : RHP Kunimatsu Taue
Batting: SHB Gary Hopkins 0-0: Ball
1-0: Ball
2-0: Ball
3-0: Base on Balls
Pitching: LHP Robert Karabanov
Batting: RHB Dick Barnett 0-0: Ball
1-0: Foul Ball, location: 2F
1-1: Ball
2-1: Foul Ball, location: 2F
2-2: Ball
3-2: Fly out, F9 (Flyball, 89D, EV 95.0 MPH)
Batting: LHB Oriol Fernández 0-0: Ball
1-0: Ball
2-0: Foul Ball, location: 2F
2-1: Ball
3-1: Swinging Strike
3-2: Base on Balls
Gary Hopkins to second
Batting: SHB Michael Evershed 0-0: Foul Ball, location: 2F
0-1: Swinging Strike
0-2: Foul Ball, location: 2F
0-2: Foul Ball, location: 2F
0-2: Ball
1-2: Strikes out looking
Batting: LHB Miguel Fernández 0-0: Called Strike
0-1: Swinging Strike
0-2: Ball
1-2: Foul Ball, location: 2F
1-2: Ball
2-2: Ball
3-2: Strikes out swinging
Top of the 7th over - 0 runs, 0 hits, 0 errors, 2 left on base; Athletic Club KC 12 - Pennsauken 7
BOTTOM OF THE 7TH
Pennsauken Flyers batting - Pitching for Athletic Club KC Reserves : RHP Lucas Thomas
Batting: RHB Dana O'Quinlevan 0-0: Called Strike
0-1: Ball
1-1: Ball
2-1: Foul Ball, location: 2F
2-2: Ball
3-2: Strikes out swinging
Batting: SHB Mikk Tamm 0-0: Foul Ball, location: 2F
0-1: Called Strike
0-2: SINGLE (Flyball, 78S, EV 84.4 MPH)
Pitching: RHP Rick Knapp
Batting: LHB Robby Caldwell 0-0: Ball
1-0: Ball
2-0: Ball
3-0: Called Strike
3-1: SINGLE (Line Drive, 34D, EV 98.1 MPH)
Mikk Tamm to second
Runner from 2nd tries for 3rd, SAFE, throw by RF made to third
Batting: LHB Ethan Duffy 0-0: Foul Ball, location: 2F
0-1: Foul Ball, location: 2F
0-2: Fielders Choice at 2nd, 3-6 (Groundball, 3, EV 97.5 MPH)
Mikk Tamm scores
Batting: RHB Ruby Rhod 0-0: Ball
1-0: Fly out, F8 (Flyball, 89M, EV 78.1 MPH)
Bottom of the 7th over - 1 run, 2 hits, 0 errors, 1 left on base; Athletic Club KC 12 - Pennsauken 8
TOP OF THE 8TH
Athletic Club KC Reserves batting - Pitching for Pennsauken Flyers : LHP Robert Karabanov
Batting: LHB Ted Reed 0-0: Ball
1-0: Foul Ball, location: 2F
1-1: Ball
2-1: Ball
3-1: Foul Ball, location: 2F
3-2: SINGLE (Line Drive, 7LS, EV 102.5 MPH)
Pitching: RHP Dong-hua Hao
Batting: LHB Thomas Nealy 0-0: SINGLE (Groundball, 3D, EV 110.0 MPH)
Ted Reed to second
Runner from 2nd tries for 3rd, SAFE, throw by RF made to third
Batting: RHB Gabriel Martínez 0-0: Ball
1-0: Foul Ball, location: 2F
1-1: Ball
2-1: Swinging Strike
2-2: Strikes out looking
Batting: RHB Marcos Quintana 0-0: Foul Ball, location: 2F
0-1: Ball
1-1: Swinging Strike
1-2: Ball
2-2: Foul Ball, location: 2F
2-2: Ball
3-2: SINGLE (Line Drive, 8RS, EV 93.1 MPH)
Ted Reed scores
Thomas Nealy to second
Batting: SHB Gary Hopkins 0-0: Ball
1-0: Called Strike
1-1: SINGLE (Line Drive, 7LS, EV 100.6 MPH)
Thomas Nealy to third
Marcos Quintana to second
Batting: RHB Dick Barnett 0-0: Ball
1-0: Foul Ball, location: 2F
1-1: SINGLE (Groundball, 56D, EV 98.8 MPH)
Thomas Nealy scores
Marcos Quintana to third
Gary Hopkins to second
Runner from 3rd tries for Home, SAFE, throw by LF to home
Batting: LHB Oriol Fernández 0-0: Ball
1-0: Fly out, F9 (Flyball, 9S, EV 71.9 MPH)
Lined into DP, 9-6 (Flyball, 9S, EV 71.9 MPH)
Top of the 8th over - 3 runs, 5 hits, 0 errors, 1 left on base; Athletic Club KC 15 - Pennsauken 8
BOTTOM OF THE 8TH
Pennsauken Flyers batting - Pitching for Athletic Club KC Reserves : RHP Rick Knapp
Pinch Hitting: LHB Robert Dawson 0-0: Ball
1-0: Ground out 4-3 (Groundball, 34, EV 81.9 MPH)
Batting: RHB Bras Castanheta 0-0: Called Strike
0-1: Foul Ball, location: 2F
0-2: Ball
1-2: Fly out, F7 (Flyball, 78D, EV 77.5 MPH)
Batting: LHB Xiao-gang Qing 0-0: SINGLE (Groundball, 34D, EV 103.1 MPH)
Batting: SHB Obke Preesman 0-0: SINGLE (Line Drive, 4MD, EV 96.2 MPH)
Xiao-gang Qing to second
Batting: RHB Dana O'Quinlevan 0-0: Ball
1-0: 3-RUN HOME RUN (Flyball, 8LXD, EV 92.5 MPH), Distance : 430 ft
Pitching: RHP Juan David Pozo
Batting: SHB Mikk Tamm 0-0: Ball
1-0: Called Strike
1-1: DOUBLE (Flyball, 7LD, EV 94.4 MPH)
Batting: LHB Robby Caldwell 0-0: Called Strike
0-1: Swinging Strike
0-2: Fly out, F6 (Popup, 6, EV 48.1 MPH)
Bottom of the 8th over - 3 runs, 4 hits, 0 errors, 1 left on base; Athletic Club KC 15 - Pennsauken 11
TOP OF THE 9TH
Athletic Club KC Reserves batting - Pitching for Pennsauken Flyers : RHP Dong-hua Hao
Now in CF: Robert Dawson
Batting: SHB Michael Evershed 0-0: Ball
1-0: Ball
2-0: Fly out, F9 (Flyball, 9, EV 77.5 MPH)
Batting: LHB Miguel Fernández 0-0: Ball
1-0: Ball
2-0: Called Strike
2-1: Foul Ball, location: 2F
2-2: Ball
3-2: Foul Ball, location: 2F
3-2: Fly out, F9 (Flyball, 9LMF, EV 93.1 MPH)
Batting: LHB Ted Reed 0-0: Called Strike
0-1: DOUBLE (Line Drive, 7LS, EV 106.9 MPH)
Batting: LHB Thomas Nealy 0-0: Ball
1-0: Swinging Strike
1-1: Ball
2-1: Foul Ball, location: 2F
2-2: Foul Ball, location: 2F
2-2: Strikes out swinging
Top of the 9th over - 0 runs, 1 hit, 0 errors, 1 left on base; Athletic Club KC 15 - Pennsauken 11
BOTTOM OF THE 9TH
Pennsauken Flyers batting - Pitching for Athletic Club KC Reserves : RHP Juan David Pozo
Batting: LHB Ethan Duffy 0-0: Called Strike
0-1: Ball
1-1: Ball
2-1: Ground out 4-3 (Groundball, 4, EV 100.0 MPH)
Batting: RHB Ruby Rhod 0-0: Ball
1-0: Foul Ball, location: 2F
1-1: Ball
2-1: Ball
3-1: Foul Ball, location: 2F
3-2: Strikes out swinging
Batting: LHB Robert Dawson 0-0: Foul Ball, location: 2F
0-1: Ground out 1-3 (Groundball, 13S, EV 72.5 MPH)
Bottom of the 9th over - 0 runs, 0 hits, 0 errors, 0 left on base; Athletic Club KC 15 - Pennsauken 11
Friday, March 26th, 2021 - OOTP Baseball 20.8 Build 74